cohdb
Replays
Latest Replays
All Replays
Popular Replays
Top Player Replays
Match Explorer
How It Works
Community
CoH3 Stats
Reddit
Sign in to upload your games and track your stats! →
Sign in with Steam
Match 41753418
Unlisted
Match 41753418
Overview
Messages
Build Orders
End
Kettenkrad Recon Vehicle
Construct Infanterie Kompanie
MG 42 Machine Gun Team
Grenadier Squad
GrW 34 Mortar Team
Grenadier Squad
Construct Panzergrenadier Kompanie
251 Medium Carrier
Support Elements
Nebelwerfer 42 Rocket Launcher Team
Nebelwerfer 42 Rocket Launcher Team
Panzergrenadier Officer Quarters
Pak 40 Anti-tank Gun Team
MG 42 Machine Gun Team
wila
LittleFatty233
起舞
滑落的照片让我变沉默
(KCC)MGfirst
ENDEX
YuruMusubi
밥똥콯
0
0
Comments
sign in to comment!
No comments posted yet!